 Dungeon Crawl Stone Soup version 0.26.1-11-gd32895ea62 (webtiles) character file.

Game seed: 15653957680186802977

65 ubername the Cudgeller (level 3, -1/28 HPs)
             Began as a Demonspawn Gladiator on May 2, 2021.
             Slain by a frilled lizard (3 damage)
             ... on level 2 of the Dungeon.
             The game lasted 00:03:12 (1773 turns).

ubername the Cudgeller (Demonspawn Gladiator)       Turns: 1773, Time: 00:03:14

Health: -1/28      AC:  4    Str: 14 (15) XL:     3   Next: 92%
Magic:  3/3        EV: 13    Int:  7 (9)  God:
Gold:   89         SH:  0    Dex: 13 (14) Spells: 2/2 levels left

rFire    . . .     SeeInvis .   a - +0 flail
rCold    . . .     Faith    .   (no shield)
rNeg     . . .     Spirit   .   b - +0 leather armour
rPois    .         Reflect  .   c - +0 helmet
rElec    .         Harm     .   (no cloak)
rCorr    .         Rampage  .   (no gloves)
Will     .....                  (no boots)
Stlth    +.........             (no amulet)
HPRegen  0.09/turn              (no ring)
MPRegen  0.08/turn              (no ring)

@: slowed, very slow
A: claws 1
a: no special abilities


You were on level 2 of the Dungeon.
You visited 1 branch of the dungeon, and saw 2 of its levels.

You collected 89 gold pieces.

Inventory:

Hand Weapons
 a - a +0 flail (weapon)
Missiles
 d - 3 throwing nets (quivered)
 e - 88 stones
 j - 21 sling bullets
Armour
 b - a +0 leather armour (worn)
 c - a +0 helmet (worn)
Scrolls
 h - a scroll of amnesia {unknown}
 k - 2 scrolls of remove curse {unknown}


   Skills:
 + Level 2.3 Fighting
 + Level 3.6 Maces & Flails
 + Level 1.9 Throwing
 + Level 0.3 Armour
 + Level 3.2 Dodging
 + Level 0.1 Stealth


You had 2 spell levels left.
You didn't know any spells.
Your spell library was empty.

Dungeon Overview and Level Annotations

Branches:
Dungeon (2/15)

Altars:
Xom

Annotations:
D:2 Natasha, Robin


Innate Abilities, Weirdness & Mutations

You have sharp fingernails.


Message History

You feel weakened.
You feel dopey.
You feel clumsy.
As you read the scroll of teleportation, it crumbles to dust.
You feel strangely unstable.
The crimson imp blinks!
Your surroundings suddenly seem different.
The bat barely misses you. The bat hits you but does no damage.
The bat hits you.
* * * LOW HITPOINT WARNING * * *
The frilled lizard bites you but does no damage.
You enter the shallow water.
Moving in this stuff is going to be slow.
The bat closely misses you. The bat misses you.
The frilled lizard barely misses you.
A goblin comes into view. It is wielding a -2 club.
The goblin shouts!
You hear a shout! x2
The bat hits you.
* * * LOW HITPOINT WARNING * * *
The bat closely misses you. The frilled lizard closely misses you.
The frilled lizard bites you but does no damage.
The bat hits you but does no damage. The frilled lizard bites you.
You die...

.. ######.. # .##
.^....... . . ..
########. ..#.#. #.
#...#.#### #. #.......##
#. #...≈≈≈..## #.
##..≈≈≈≈l..######## #.
....≈≈≈@l.........#####.
.g..≈≈≈b≈.#....P........
##..≈≈≈≈≈.#.#..P.P######
#.g..≈≈....#.P♣....l.l♣
#.......##.#..♣♣..###..
##########....♣PP.# ##♣
###...♣♣.l.#
##...♣.♣.5..#
#.PP.♣♣♣♣...#


You could see Robin (wandering), a goblin, a bat and 2 frilled lizards.

Vanquished Creatures
  An adder (D:2)
  An ooze (D:1)
  A dart slug (D:2)
  2 worms (D:2)
  A bat (D:2)
  A giant cockroach (D:2)
  6 hobgoblins
  4 jackals (D:2)
  3 kobolds
  A ball python (D:1)
  5 frilled lizards
  10 goblins
  6 rats
42 creatures vanquished.

Vanquished Creatures (others)
  20 plants (D:2)
20 creatures vanquished.

Grand Total: 62 creatures vanquished

Notes
Turn   | Place    | Note
-------+----------+-------------------------------------------
     0 | D:1      | ubername the Demonspawn Gladiator began the quest for the
                  | Orb.
     0 | D:1      | Reached XP level 1. HP: 16/16 MP: 1/1
   152 | D:1      | Gained mutation: You have sharp fingernails. [demonic
                  | ancestry]
   152 | D:1      | Reached XP level 2. HP: 21/22 MP: 2/2
   286 | D:1      | Found an opulent altar of Gozag.
   288 | D:1      | Found an opulent altar of Gozag.
   288 | D:1      | Found a glowing golden altar of the Shining One.
   290 | D:1      | Found a stormy altar of Qazlal.
   290 | D:1      | Found a hazy altar of Hepliaklqana.
   290 | D:1      | Found a shimmering altar of Xom.
   864 | D:2      | Reached XP level 3. HP: 26/27 MP: 3/3
  1015 | D:2      | Noticed Robin
  1727 | D:2      | Noticed Natasha
  1773 | D:2      | Slain by a frilled lizard

Illustrated notes

Levels and vault maps discovered:
D:1:      amcnicky_arrival_feature_with_door, layout_loops_ring,
          doesnt_xom_only_xom
D:2:      layout_loops_ring, serial_forest, infiniplex_forest_end_2,
          infiniplex_forest_end_3, infiniplex_forest_lined_3_way,
          infiniplex_forest_lined_room_2, infiniplex_forest_split,
          infiniplex_forest_clump_curved, infiniplex_forest_clump_diagonal,
          infiniplex_forest_side_room, infiniplex_forest_lined_1,
          minmay_lizard_pond, uniq_natasha, uniq_robin

Skill      XL: |  1  2 |
---------------+-------+-----
Dodging        | 3 |  3.2
Maces & Flails | 3 |  3.6
Fighting       | |  2.3
Throwing       | |  1.9
Armour         | |  0.3
Stealth        | |  0.1

Action                   || total
-------------------------++-------
Melee: Flail             ||   123
  Use: Scroll            ||     4
       Potion            ||     1
Armor: Leather armour    ||    48
Dodge: Dodged            ||   125
